 Dungeon Crawl Stone Soup version 0.29.1-15-g9cfb28693d (webtiles) character file.

Game seed: 2093596090786291000

77 Ast3rio the Magician (level 4, -5/31 HPs)
             Began as a Djinni Ice Elementalist on Mar 27, 2023.
             Slain by an ogre
             ... wielding a +0 giant club
              (20 damage)
             ... on level 4 of the Dungeon.
             The game lasted 00:05:09 (3333 turns).

Ast3rio the Magician (Djinni Ice Elementalist)      Turns: 3333, Time: 00:05:10

Health: -5/31      AC:  2    Str:  7    XL:     4   Next: 60%
Gold:   159        EV: 12    Int: 18    God:
                   SH:  0    Dex: 16

rFire   + + +      SeeInvis .   g - +8 dagger of Lyafudd {freeze, rF+ Dex+2 Stlth+}
rCold   x . .      Faith    .   (no shield)
rNeg    . . .      Spirit   .   a - +0 robe
rPois   ∞          Reflect  .   (no helmet)
rElec   .          Harm     .   (no cloak)
rCorr   .          Rampage  .   (no gloves)
Will    .....                   (boots unavailable)
Stlth   +++.......              (no amulet)
HPRegen 0.10/turn               (no ring)
MPRegen 0.00/turn               (no ring)

@: freezing walls, flying
A: sickness immunity, fire resistance 2, cold vulnerability 1, float, innate
caster, HP casting, extra vitality 1
a: no special abilities


You were on level 4 of the Dungeon.
You visited 1 branch of the dungeon, and saw 4 of its levels.

You collected 159 gold pieces.

Inventory:

Hand Weapons
 g - the +8 dagger of Lyafudd (weapon) {freeze, rF+ Dex+2 Stlth+}
   (You found it on level 2 of the Dungeon)

   It freezes those it strikes, dealing additional cold damage.
   It can also slow down cold-blooded creatures.
   Dex:       It affects your dexterity (+2).
   rF:        It protects you from fire.
   Stlth:     It makes you more stealthy.
Armour
 a - a +0 robe (worn)
Wands
 k - a wand of flame (25)
Scrolls
 b - 2 scrolls of amnesia {unknown}
 d - 2 scrolls of identify {unknown}
 e - a scroll of poison {unknown}
 i - a scroll of butterflies {unknown}
 j - 4 scrolls of blinking {unknown}
 m - 2 scrolls of enchant weapon {unknown}
 o - a scroll of teleportation {unknown}
 r - 2 scrolls of enchant armour {unknown}
Potions
 c - 2 potions of heal wounds {unknown}
 f - 2 potions of haste {unknown}
 h - a potion of invisibility {unknown}
 l - a potion of lignification {unknown}
 n - a potion of flight {unknown}
 p - 2 potions of curing {unknown}
 q - 2 potions of magic {unknown}
 s - a potion of brilliance {unknown}


   Skills:
 * Level 0.6 Fighting
 * Level 0.6 Short Blades
 + Level 2.5 Dodging
 + Level 2.0 Stealth
 + Level 0.4 Unarmed Combat
 * Level 4.0 Spellcasting


You couldn't memorise any spells.
You knew the following spells:

 Your Spells              Type           Power      Damage    Failure   Level
a - Freeze                Ice            72%        1d9       2%          1
b - Frozen Ramparts       Ice            36%        1d6       9%          3
c - Ozocubu's Armour      Ice            18%        N/A       9%          3
d - Hailstorm             Conj/Ice       18%        3d6       26%         4
e - Sandblast             Erth           36%        2d10      2%          1
Your spell library was empty.

Dungeon Overview and Level Annotations

Branches:
Dungeon (4/15)
 Temple: D:4-7

Altars:
Cheibriados
Elyvilon


Innate Abilities, Weirdness & Mutations

You are immune to sickness and miasma.
You are immune to poison.
Your flesh is very heat resistant. (rF++)
You are vulnerable to cold. (rC-)
You float through the air rather than walking.
You learn spells naturally, not from books.
Your magical power is your life essence.
You have superior vitality. (+4 MHP)


Message History

Something shouts, "Crawl home, thou reeling-ripe nose-picking pumpion!"
You hit the kobold. You freeze the kobold.
You kill the kobold!
No target in view!
A shadow imp comes into view.
Things that are here:
a +0 whip; 7 poisoned darts A shadow imp is nearby!
A shadow imp is nearby!
A shadow imp is nearby!
An ogre comes into view. It is wielding a +0 giant club.
Casting: Hailstorm (extremely dangerous; 26% risk of failure)
Confirm with . or Enter, or press ? or * to list all spells.
You can't see any susceptible monsters within range! (Use Z to cast anyway.)
The shadow imp gestures at you. Pain shoots through your body!
Casting: Hailstorm (extremely dangerous; 26% risk of failure)
Confirm with . or Enter, or press ? or * to list all spells.
The spell is quite dangerous to miscast (9% risk of failure)!
Continue anyway?
Casting: Frozen Ramparts (quite dangerous; 9% risk of failure)
Press: ? - help, Dir - look around, f - activate The walls around you are covered in ice.
The shadow imp hits you.
You closely miss the shadow imp.
The shadow imp hits you but does no damage.
The ogre barely misses you.
You hit the shadow imp.
The shadow imp is moderately wounded.
The shadow imp hits you. The ogre barely misses you.
You puncture the shadow imp!
You kill the shadow imp!
Your Stealth skill increases to level 2!
You puncture the ogre! You freeze the ogre.
The ogre is moderately wounded.
The ogre barely misses you.
You puncture the ogre! You freeze the ogre.
The ogre is severely wounded.
The ogre hits you with a +0 giant club!!
Ouch! That really hurt!
You die...

#### #..# # #..#
##.. #<.#
######.... #..#
#####.........
#..###............#
#...........O...#
##..........@..#
#........).....#
#...........#..#
#..........###.#
#.........## ##
.........###
####.....## ##...##
##..


You could see an ogre.

Vanquished Creatures
  A shadow imp (D:4)
  3 worms
  A dart slug (D:2)
  An orc (D:3)
  3 bats
  5 endoplasms
  5 giant cockroaches
  3 goblins
  5 hobgoblins
  2 jackals (D:3)
  5 quokkas
  2 ball pythons (D:1)
  4 frilled lizards
  7 kobolds
  6 rats
53 creatures vanquished.

Notes
Turn   | Place    | Note
-------+----------+-------------------------------------------
     0 | D:1      | Ast3rio the Djinni Ice Elementalist began the quest for the
                  | Orb.
     0 | D:1      | Ast3rio set off with the following spells memorised:
                  | Freeze, Frozen Ramparts, Ozocubu's Armour, Hailstorm.
     0 | D:1      | Reached XP level 1. HP: 15/15 MP: 0/0
   480 | D:1      | Found a faded altar of an unknown god.
   554 | D:1      | Reached XP level 2. HP: 20/21 MP: 0/0
  1280 | D:1      | Reached XP level 3. HP: 19/25 MP: 0/0
  1280 | D:1      | Learned a level 1 spell: Sandblast
  1813 | D:2      | Identified the +8 dagger of Lyafudd {freeze, rF+ Dex+2
                  | Stlth+}
  2216 | D:2      | Reached skill level 4 in Spellcasting
  2329 | D:2      | Found a white marble altar of Elyvilon.
  2346 | D:2      | Reached XP level 4. HP: 31/31 MP: 0/0
  2794 | D:3      | Found a snail-covered altar of Cheibriados.
  3325 | D:4      | Noticed an ogre
  3333 | D:4      | Slain by an ogre

Illustrated notes

Levels and vault maps discovered:
D:1:      ebering_trefoil_3fold, layout_basic, basic_ecumenical_altar,
          amcnicky_mini_corridor_feature, minmay_misc_feat_enclosed,
          roderic_lattice_a
D:2:      layout_loops_ring, basic_altar, chequers_serial_rivers_large_a,
          st_stairs_6
D:3:      layout_basic, grunt_temple_overflow_open, kennysheep_another_room
D:4:      layout_cave_pods, minmay_temple_entry_crystal_x

Skill      XL: |  1  2  3  4 |
---------------+-------------+-----
Spellcasting   | 4 |  4.0
Stealth        | 2 |  2.0
Fighting       | |  0.6
Short Blades   | |  0.6
Dodging        | |  2.5
Unarmed Combat | |  0.4

Action                   |  1- 3 |  4- 6 || total
-------------------------+-------+-------++-------
Melee: Unarmed           |    15 |       ||    15
       Dagger            |    27 |    22 ||    49
 Cast: Freeze            |    34 |       ||    34
       Hailstorm         |       |     1 ||     1
       Frozen Ramparts   |       |     1 ||     1
 Stab: Sleeping          |     3 |     3 ||     6
       Distracted        |       |     1 ||     1
Armor: Robe              |     8 |     2 ||    10
Dodge: Dodged            |    39 |     9 ||    48
